 Dungeon Crawl Stone Soup version 0.24.0-123-gd5b16e6ec5 (webtiles) character file.

Game seed: 17338417279019760802, levelgen mode: deterministic

1166 vurker the Gusty (level 8, 0/36 HPs)
             Began as a Felid Air Elementalist on Feb 3, 2020.
             Was a Believer of Vehumet.
             Slain by Harold
             ... wielding a +0 scimitar
              (9 damage)
             ... on level 8 of the Dungeon.
             The game lasted 00:10:56 (10306 turns).

vurker the Gusty (Felid Air Elementalist)          Turns: 10306, Time: 00:10:57

Health: 0/36       AC:  2    Str:  4    XL:     8   Next: 17%
Magic:  1/18       EV: 18    Int: 21    God:    Vehumet [**....]
Gold:   390        SH:  0    Dex: 17    Spells: 9/19 levels left
                                        Lives:  0   Deaths: 2

rFire    . . .     SeeInvis +   (weapon unavailable)
rCold    . . .     Gourm    .   (shield unavailable)
rNeg     . . .     Faith    .   (armour unavailable)
rPois    .         Spirit   .   (helmet unavailable)
rElec    .         Reflect  .   (cloak unavailable)
rCorr    .         Harm     .   (gloves unavailable)
MR       +....                  (boots unavailable)
Stlth    +++.......             (no amulet)
HPRegen  0.12/turn              n - +2 ring of intelligence
MPRegen  0.16/turn              d - +4 ring of slaying

@: marked, quick
A: very small, no armour, no weapons or thrown items, stealth, claws 1, fangs 3,
see invisible, carnivore, speed 1, shaggy fur 2, slow metabolism 1, sharp paws
a: Renounce Religion


You were on level 8 of the Dungeon.
You worshipped Vehumet.
Vehumet was pleased with you.
You were very full.

You visited 2 branches of the dungeon, and saw 9 of its levels.

You collected 390 gold pieces.

Inventory:

Jewellery
 d - a +4 ring of slaying (right paw)
   (You found it on level 2 of the Dungeon)
 n - a +2 ring of intelligence (left paw)
   (You found it on level 3 of the Dungeon)
Wands
 c - a wand of enslavement (5)
   (You found it on level 7 of the Dungeon)
 v - a wand of digging (5)
   (You took it off Ijyb on level 5 of the Dungeon)
Scrolls
 h - 3 scrolls of remove curse
 i - a scroll of fear
 k - 5 scrolls of teleportation
 p - a scroll of enchant armour {unknown}
Potions
 a - a potion of magic {unknown}
 b - a potion of lignification {unknown}
 f - 2 potions of heal wounds {unknown}
 g - a potion of flight
 l - 3 potions of curing
 m - 2 potions of invisibility
 o - a potion of haste {unknown}
 r - a potion of might {unknown}
Comestibles
 e - 22 rations


   Skills:
 + Level 4.4 Fighting
 - Level 2.6 Dodging
 - Level 2.6 Stealth
 * Level 6.3 Spellcasting
 * Level 5.9 Conjurations
 * Level 6.5 Air Magic


You had 9 spell levels left.
You knew the following spells:

 Your Spells              Type           Power        Failure   Level  Hunger
a - Shock                 Conj/Air       ####         1%          1    None
b - Lightning Bolt        Conj/Air       ####......   21%         5    #####..
c - Airstrike             Air            ####......   6%          4    ###....

Your spell library contained the following spells:

 Spells                   Type           Power        Failure   Level  Hunger
 Sting                    Conj/Pois      ###.         2%          1    None
 Static Discharge         Conj/Air       ####....     2%          3    #......
 Swiftness                Chrm/Air       ###.....     3%          2    None
 Dazzling Spray           Conj/Hex       ###...       9%          3    #......
 Corona                   Hex            #......      10%         1    None
 Ensorcelled Hibernation  Hex/Ice        #.....       14%         2    None
 Confuse                  Hex            #.......     28%         3    #......
 Tukima's Dance           Hex            #.......     28%         3    #......


Dungeon Overview and Level Annotations

Branches:
Dungeon (8/15)             Temple (1/1) D:4
   Lair: D:8-11

Altars:
Ashenzari
Cheibriados
Dithmenos
Elyvilon
Fedhas
Gozag
Hepliaklqana
Nemelex Xobeh
Qazlal
Sif Muna
Trog
Uskayaw
Vehumet
Xom
Yredelemnul
Zin
The Shining One
Jiyva

Annotations:
D:4 2 transporters, vurker's ghost, amateur FeAE
D:8 Harold


Innate Abilities, Weirdness & Mutations

You cannot wear armour.
You are incapable of wielding weapons or throwing items.
Your paws allow you to move quietly. (Stealth)
You have sharp claws.
You have razor-sharp teeth.
You have supernaturally acute eyesight. (SInv)
You are carnivorous and can eat meat at any time.
You cover ground quickly.
You are covered in thick fur. (AC +2)
You have a slow metabolism.
Your sharp claws are effective at attacking unaware monsters.


Message History

The harpoon shot hits you.
You stop ascending the stairs.
You are yanked forward by the harpoon shot.
There is a stone staircase leading up here.
There is a stone staircase leading up here.
Harold hits you with a +0 scimitar!!
Ouch! That really hurt!
* * * LOW HITPOINT WARNING * * *
There is a stone staircase leading up here.
You climb upwards.
There is a stone staircase leading down here.
You start resting.
Some of the chunks of flesh in your inventory have rotted away.
Eating one of 3 chunks of flesh.
You eat one of the 3 chunks of flesh.
This raw flesh tastes great.
You start resting.
All of the chunks of flesh in your inventory have rotted away.
You climb downwards.
Level annotation: Harold
There is a stone staircase leading up here.
You hear a mighty clap of thunder!
The bolt of lightning hits Harold!!
The bolt of lightning hits Harold!
You hear a croak.
You hear a shout! x2
You hear a mighty clap of thunder!
The bolt of lightning hits Harold!
You hear a loud, deep croak!
Harold points at you and mumbles some strange words.
A sentinel's mark forms upon you.
You hear a mighty clap of thunder!
The bolt of lightning hits Harold!
Harold hits you with a +0 scimitar!
You don't have enough magic to cast that spell.
You don't have enough magic to cast that spell.
The zap hits Harold but does no damage.
The zap hits the rat zombie. x2
The zap hits Harold!
The zap hits the rat zombie.
You destroy the rat zombie!
Vehumet accepts your kill.
You feel your power returning.
Harold points at you and mumbles some strange words.
You barely resist.
The zap hits Harold.
The bullfrog misses you. Harold hits you but does no damage.
The bullfrog hits you.
Unknown command.
The zap hits Harold but does no damage.
The bullfrog closely misses you. Harold hits you with a +0 scimitar!
* * * LOW HITPOINT WARNING * * *
You scratch Harold but do no damage. The bullfrog misses you.
Harold closely misses you. The bullfrog misses you.
You scratch Harold but do no damage. The bullfrog hits you.
* * * LOW HITPOINT WARNING * * *
Harold hits you with a +0 scimitar!
You die...

.#.#.#.#.#.#.#)#.......### #..
#.#.#.#.#.#.#.#.####...# #..
.#.#.#.#.#.#.#@#)...######### #..
#.#.#.#.#.#.#.#.#...##......# #..
.#.#.#..)..#.#.#....##......# #..
#.#.#.#.....#.#.#.[.##......# #..
#.#.#.....#.#.#.....#......#####
#.#.#.#.#@#.#@#F...#...........
.#.#.#.#.#.#.#@....#.....<.รท...
#.#(#.#.#.#.#.#....#......##...
....@#(#.#.#.#.#.....######.##...
#...##.#####.........# #.##...
#... #.#############.# #.##...
#.. #......... .# #.##... ###
########## ## #.##... ..##...
####...


You could see Harold and a bullfrog.

Vanquished Creatures
  Sigmund (D:5)
  An orc warrior (D:6)
  A centaur (D:5)
  4 ogres
  A crocodile (D:6)
  A big kobold (D:7)
  2 bullfrogs (D:6)
  A scorpion (D:6)
  4 wights (D:6)
  3 howler monkeys (D:7)
  2 centaur zombies
  4 crimson imps
  A bullfrog zombie (D:7)
  3 hounds
  5 orc priests
  3 orc wizards
  2 iguanas
  Ijyb (D:5)
  3 worker ants
  A hound zombie (D:6)
  A howler monkey zombie (D:5)
  3 gnolls (D:2)
  12 adders
  A shadow imp (D:6)
  An ooze (D:4)
  An adder zombie (D:6)
  An adder skeleton (D:5)
  6 worms
  A dart slug (D:3)
  6 leopard geckos
  21 orcs
  2 ball pythons (D:3)
  9 bats
  A bat zombie (D:8)
  8 giant cockroaches
  4 goblins
  3 hobgoblins
  10 jackals
  10 kobolds
  4 quokkas
  8 frilled lizards
  A leopard gecko zombie (D:4)
  A quokka skeleton (D:7)
  7 rats
  A rat zombie (D:8)
167 creatures vanquished.

Notes
Turn   | Place    | Note
-------+----------+-------------------------------------------
     0 | D:1      | vurker the Felid Air Elementalist began the quest for the
                  | Orb.
     0 | D:1      | Reached XP level 1. HP: 7/7 MP: 4/4
    95 | D:1      | Reached skill level 1 in Conjurations
   359 | D:1      | Reached XP level 2. HP: 11/11 MP: 1/6
  1232 | D:1      | You fall into a shaft and drop 1 floor!
  1306 | D:2      | Reached XP level 3. HP: 15/15 MP: 2/7
  1325 | D:2      | Reached skill level 1 in Fighting
  1934 | D:2      | Reached XP level 4. HP: 19/19 MP: 5/9
  2824 | D:2      | Found a shimmering blue altar of Sif Muna.
  2856 | D:2      | Reached XP level 5. HP: 19/22 MP: 4/10
  3194 | D:3      | Found a glowing golden altar of the Shining One.
  3451 | D:3      | Found a faded altar of an unknown god.
  3583 | D:3      | Found a bloodstained altar of Trog.
  3757 | D:3      | You fall into a shaft and drop 3 floors!
  3789 | D:6      | Noticed a crocodile
  3802 | D:6      | HP: 1/22 [scorpion (5)]
  3803 | D:6      | Succumbed to a scorpion's poison
  3804 | D:6      | Reached XP level 4. HP: 0/19 MP: 0/10
  3820 | D:6      | Reached XP level 5. HP: 18/22 MP: 3/11
  3886 | D:5      | Entered Level 5 of the Dungeon
  4244 | D:4      | Found a transporter.
  4249 | D:4      | Noticed vurker's ghost (amateur FeAE)
  4259 | D:4      | Found a transporter.
  4293 | D:4      | Found a staircase to the Ecumenical Temple.
  4924 | D:4      | Learned a level 5 spell: Lightning Bolt
  4929 | D:4      | Learned a level 4 spell: Airstrike
  5334 | D:4      | Gained mutation: You are covered in thick fur. (AC +2)
                  | [Felid growth]
  5334 | D:4      | Reached XP level 6. HP: 26/26 MP: 4/12
  5419 | D:4      | Found a stormy altar of Qazlal.
  5504 | D:5      | Noticed Sigmund
  5516 | D:5      | Killed Sigmund
  5858 | D:5      | Found a sparkling altar of Nemelex Xobeh.
  5892 | D:5      | Reached XP level 7. HP: 16/30 MP: 8/14
  6184 | D:5      | Found a blossoming altar of Fedhas.
  6321 | Temple   | Entered the Ecumenical Temple
  6696 | Temple   | Became a worshipper of Vehumet
  6824 | D:5      | Noticed Ijyb
  6830 | D:5      | Killed Ijyb
  6834 | D:5      | Reached skill level 5 in Air Magic
  7482 | D:6      | Reached skill level 5 in Spellcasting
  7505 | D:6      | Reached XP level 8. HP: 25/34 MP: 6/16
  7777 | D:6      | Reached * piety under Vehumet
  7777 | D:6      | Offered knowledge of Magic Dart by Vehumet.
  8009 | D:6      | Reached skill level 5 in Conjurations
  8440 | D:6      | Found a shattered altar of Ashenzari.
  9411 | D:7      | Offered knowledge of Sting by Vehumet.
  9411 | D:7      | Reached XP level 9. HP: 32/39 MP: 8/19
  9686 | D:8      | Reached ** piety under Vehumet
  9799 | D:8      | Noticed Harold
  9804 | D:8      | Mangled by Harold
  9805 | D:8      | Reached XP level 8. HP: -8/36 MP: 10/18
 10306 | D:8      | Slain by Harold

Levels and vault maps discovered:
D:1:      saegor_arrival_under_anarchy, layout_loops_corners
D:2:      layout_loops_cross, lemuel_blue_sif_altar, first_ration
D:3:      layout_basic, overflow_temple_1_default,
          chequers_ecumenical_altar_island, nicolae_tso_carved_into_rock
D:4:      layout_cave_pools, kennysheep_mini, minmay_temple_entry_from_below_a,
          gammafunk_ghost_stat_death, chequers_mini_garden, minmay_cupped
D:5:      layout_basic, fedhas_altar_fruit_tree, nicolae_overflow_crystal_walls,
          serial_bayou_pond_a, kennysheep_generic_room_5, uniq_sigmund,
          uniq_ijyb
D:6:      layout_loops_cross, kennysheep_mini_moat
D:7:      layout_basic
D:8:      minmay_clustersquares, layout_basic,
          lemuel_zombie_altar_kikubaaqudgha, overflow_temple_1_default,
          gammafunk_temple_overflow_wave, grunt_ogre_cave,
          jmf_multi_god_temple2, uniq_harold
Temple:   pf_slime_end_temple

Skill      XL: |  1  2  3  4  5  6  7  8 |
---------------+-------------------------+-----
Conjurations   | 1 2 3 4 5 |  5.9
Air Magic      | 3 4 5 6 |  6.5
Fighting       | 1 2 3 4 |  4.4
Spellcasting   | 3 4 5 6 |  6.3
Dodging        | |  2.6
Stealth        | |  2.6

Action                   |  1- 3 |  4- 6 |  7- 9 || total
-------------------------+-------+-------+-------++-------
Melee: Unarmed           |    21 |     7 |     9 ||    37
       Bite              |     1 |     1 |     1 ||     3
 Cast: Shock             |    78 |   208 |   240 ||   526
       Airstrike         |       |     1 |     4 ||     5
       Lightning Bolt    |       |       |     4 ||     4
  Use: Scroll            |       |       |     9 ||     9
  Eat: Chunk             |    10 |    14 |    14 ||    38
Armor: Skin              |     4 |     1 |     2 ||     7
Dodge: Dodged            |    46 |    39 |    79 ||   164
